TOP OF THE 1ST |
Seattle (APP) Mariners batting - Pitching for Orem Owlz : LHP Jon Lawson
|
Pitching: LHP Jon Lawson
|
|
Batting: RHB Carlton McDonald
|
0-0: Foul Ball, location: 2F 0-1: Called Strike 0-2: Foul Ball, location: 2F 0-2: Ball 1-2: Foul Ball, location: 2F 1-2: Ball 2-2: Ball 3-2: Foul Ball, location: 2F 3-2: SOLO HOME RUN (Flyball, 7D, EV 97.5 MPH), Distance : 367 ft
|
Batting: RHB Caleb Dean
|
0-0: Called Strike 0-1: Ball 1-1: Ball 2-1: Foul Ball, location: 2F 2-2: Foul Ball, location: 2F 2-2: Strikes out looking
|
Batting: LHB William Gonzales
|
0-0: Foul Ball, location: 2F 0-1: Ball 1-1: Foul Ball, location: 2F 1-2: Strikes out looking
|
Batting: RHB Jose Zuniga
|
0-0: Called Strike 0-1: Ball 1-1: Ball 2-1: Fly out, F7 (Flyball, 7, EV 82.5 MPH)
|
Top of the 1st over - 1 run, 1 hit, 0 errors, 0 left on base; Seattle (APP) 1 - Orem 0 |
BOTTOM OF THE 1ST |
Orem Owlz batting - Pitching for Seattle (APP) Mariners : LHP Ji-chol Lee
|
Pitching: LHP Ji-chol Lee
|
|
Batting: RHB Brian Spry
|
0-0: Called Strike 0-1: Called Strike 0-2: Strikes out looking
|
Batting: RHB Daniel Molina
|
0-0: Ball 1-0: Foul Ball, location: 2F 1-1: SINGLE (Groundball, 5D, EV 97.5 MPH)
|
Batting: RHB Carlos Gonzales
|
0-0: Ball 1-0: Ball Daniel Molina is caught stealing 2nd base 2-4 2-0: Ball 3-0: Called Strike 3-1: Called Strike 3-2: SOLO HOME RUN (Flyball, 78XD, EV 111.2 MPH), Distance : 430 ft
|
Batting: RHB Shawn Jansen
|
0-0: Ball 1-0: Ball 2-0: Called Strike 2-1: DOUBLE (Line Drive, 9LM, EV 102.5 MPH)
|
Batting: LHB David Coatney
|
0-0: Ball 1-0: Fly out, F9 (Flyball, 9D, EV 93.8 MPH)
|
Bottom of the 1st over - 1 run, 3 hits, 0 errors, 1 left on base; Seattle (APP) 1 - Orem 1 |
TOP OF THE 2ND |
Seattle (APP) Mariners batting - Pitching for Orem Owlz : LHP Jon Lawson
|
Batting: LHB Yoshihisa Kobayashi
|
0-0: Called Strike 0-1: Ball 1-1: Ball 2-1: Ball 3-1: DOUBLE (Groundball, 3L, EV 100.6 MPH)
|
Batting: RHB Jwahir Pili
|
0-0: Fly out, F8 (Flyball, 8RM, EV 84.4 MPH)
|
Batting: RHB Victor Rosas
|
0-0: Ball 1-0: Called Strike 1-1: Ball 2-1: Called Strike 2-2: Ball 3-2: Foul Ball, location: 2F 3-2: Ground out 6-3 (Groundball, 6, EV 80.0 MPH)
|
Batting: RHB Joaquin Salazar
|
0-0: Ball 1-0: Ball 2-0: Ball 3-0: Ground out 5-3 (Groundball, 5L, EV 104.4 MPH)
|
Top of the 2nd over - 0 runs, 1 hit, 0 errors, 1 left on base; Seattle (APP) 1 - Orem 1 |
BOTTOM OF THE 2ND |
Orem Owlz batting - Pitching for Seattle (APP) Mariners : LHP Ji-chol Lee
|
Batting: RHB Brendan Garoutte
|
0-0: Called Strike 0-1: Called Strike 0-2: Ball 1-2: Strikes out swinging
|
Batting: RHB Fernando Sosa
|
0-0: Ball 1-0: Ball 2-0: Ball 3-0: Called Strike 3-1: Base on Balls
|
Batting: SHB Marty Kuehn
|
0-0: Called Strike 0-1: Foul Ball, location: 2F 0-2: Strikes out swinging
|
Batting: RHB Steve Neely
|
0-0: Ball 1-0: Called Strike 1-1: Foul Ball, location: 2F 1-2: Strikes out swinging
|
Bottom of the 2nd over - 0 runs, 0 hits, 0 errors, 1 left on base; Seattle (APP) 1 - Orem 1 |
TOP OF THE 3RD |
Seattle (APP) Mariners batting - Pitching for Orem Owlz : LHP Jon Lawson
|
Batting: RHB Tristan Martin
|
0-0: Ball 1-0: Called Strike 1-1: Called Strike 1-2: Foul Ball, location: 2F 1-2: Ball 2-2: Foul Ball, location: 2F 2-2: Strikes out swinging
|
Batting: RHB Carlton McDonald
|
0-0: Called Strike 0-1: Ball 1-1: Ball 2-1: Foul Ball, location: 2F 2-2: Ball 3-2: Base on Balls
|
Batting: RHB Caleb Dean
|
Pickoff Throw to First - Out! 1-3 CS 0-0: Ball 1-0: Ball 2-0: Called Strike 2-1: Foul Ball, location: 2F 2-2: Ground out 6-3 (Groundball, 6, EV 89.4 MPH)
|
Top of the 3rd over - 0 runs, 0 hits, 0 errors, 0 left on base; Seattle (APP) 1 - Orem 1 |
BOTTOM OF THE 3RD |
Orem Owlz batting - Pitching for Seattle (APP) Mariners : LHP Ji-chol Lee
|
Batting: RHB Brian Spry
|
0-0: Called Strike 0-1: DOUBLE (Line Drive, 9LD, EV 106.2 MPH)
|
Batting: RHB Daniel Molina
|
0-0: SINGLE (Groundball, 6, EV 94.4 MPH) Brian Spry to third
|
Batting: RHB Carlos Gonzales
|
0-0: Called Strike 0-1: Foul Ball, location: 2F 0-2: Foul Ball, location: 2F 0-2: SINGLE (Line Drive, 9S, EV 92.5 MPH) Brian Spry scores Daniel Molina to second Runner from 2nd tries for 3rd, SAFE, throw by RF made to third
|
Batting: RHB Shawn Jansen
|
0-0: Called Strike 0-1: Ball 1-1: Grounds into double play, 1-4-3 (Groundball, 15S, EV 75.6 MPH)
|
Batting: LHB David Coatney
|
0-0: SINGLE (Groundball, 6D, EV 108.8 MPH) Daniel Molina scores
|
Batting: RHB Brendan Garoutte
|
0-0: Ball 1-0: Ball 2-0: Foul Ball, location: 2F 2-1: Foul Ball, location: 2F 2-2: Fly out, F7 (Flyball, 7D, EV 84.4 MPH)
|
Bottom of the 3rd over - 2 runs, 4 hits, 0 errors, 1 left on base; Seattle (APP) 1 - Orem 3 |
TOP OF THE 4TH |
Seattle (APP) Mariners batting - Pitching for Orem Owlz : LHP Jon Lawson
|
Batting: LHB William Gonzales
|
0-0: Foul Ball, location: 2F 0-1: Swinging Strike 0-2: Ball 1-2: Ball 2-2: Ball 3-2: Base on Balls
|
Batting: RHB Jose Zuniga
|
0-0: Called Strike 0-1: Ground out 6-3 (Groundball, 56D, EV 78.1 MPH) William Gonzales to second
|
Batting: LHB Yoshihisa Kobayashi
|
0-0: Ball 1-0: Ball 2-0: Ground out 4-3 (Groundball, 4, EV 88.1 MPH) William Gonzales to third
|
Batting: RHB Jwahir Pili
|
0-0: Ground out 1-3 (Groundball, P, EV 64.4 MPH)
|
Top of the 4th over - 0 runs, 0 hits, 0 errors, 1 left on base; Seattle (APP) 1 - Orem 3 |
BOTTOM OF THE 4TH |
Orem Owlz batting - Pitching for Seattle (APP) Mariners : LHP Ji-chol Lee
|
Batting: RHB Fernando Sosa
|
0-0: Ball 1-0: Called Strike 1-1: Ground out 4-3 (Groundball, 4, EV 84.4 MPH)
|
Batting: SHB Marty Kuehn
|
0-0: Foul Ball, location: 2F 0-1: Foul Ball, location: 2F 0-2: Strikes out looking
|
Batting: RHB Steve Neely
|
0-0: Ball 1-0: Ball 2-0: Foul Ball, location: 2F 2-1: Ball 3-1: SINGLE (Groundball, 34D, EV 100.0 MPH)
|
Batting: RHB Brian Spry
|
0-0: Foul Ball, location: 2F 0-1: Swinging Strike 0-2: Ball 1-2: SINGLE (Groundball, 4M, EV 98.1 MPH) Steve Neely to second Runner from 2nd tries for 3rd, SAFE, throw by CF made to third
|
Batting: RHB Daniel Molina
|
0-0: Called Strike 0-1: Fly out, F7 (Flyball, 78D, EV 97.5 MPH)
|
Bottom of the 4th over - 0 runs, 2 hits, 0 errors, 2 left on base; Seattle (APP) 1 - Orem 3 |
TOP OF THE 5TH |
Seattle (APP) Mariners batting - Pitching for Orem Owlz : LHP Jon Lawson
|
Batting: RHB Victor Rosas
|
0-0: Called Strike 0-1: Swinging Strike 0-2: Foul Ball, location: 2F 0-2: SINGLE (Line Drive, 89S, EV 114.4 MPH)
|
Batting: RHB Joaquin Salazar
|
0-0: Ball 1-0: Called Strike 1-1: Ball 2-1: Swinging Strike 2-2: Ball 3-2: Base on Balls Victor Rosas to second
|
Batting: RHB Tristan Martin
|
0-0: Foul Ball, location: 2F 0-1: Foul Ball, location: 2F 0-2: Foul Ball, location: 2F 0-2: Strikes out swinging
|
Batting: RHB Carlton McDonald
|
0-0: Ball 1-0: Ball 2-0: Called Strike 2-1: Ball 3-1: TRIPLE (Flyball, 8LXD, EV 93.1 MPH) Victor Rosas scores Joaquin Salazar scores
|
Batting: RHB Caleb Dean
|
0-0: Ball 1-0: Called Strike 1-1: Ball 2-1: Ball 3-1: Foul Ball, location: 2F 3-2: Strikes out swinging
|
Batting: LHB William Gonzales
|
0-0: Ball 1-0: Called Strike 1-1: Ball 2-1: Called Strike 2-2: Strikes out swinging
|
Top of the 5th over - 2 runs, 2 hits, 0 errors, 1 left on base; Seattle (APP) 3 - Orem 3 |
BOTTOM OF THE 5TH |
Orem Owlz batting - Pitching for Seattle (APP) Mariners : LHP Ji-chol Lee
|
Batting: RHB Carlos Gonzales
|
0-0: Called Strike 0-1: Ball 1-1: Foul Ball, location: 2F 1-2: Foul Ball, location: 2F 1-2: SOLO HOME RUN (Flyball, 7LD, EV 98.8 MPH), Distance : 377 ft
|
Batting: RHB Shawn Jansen
|
0-0: Ball 1-0: Foul Ball, location: 2F 1-1: Called Strike 1-2: Strikes out looking and he ARGUES THE CALL AND IS TOSSED!
|
Pitching: RHP Jayden Ross
|
|
Batting: LHB David Coatney
|
0-0: Ball 1-0: Called Strike 1-1: Ball 2-1: Ball 3-1: Fly out, F9 (Line Drive, 89M, EV 96.2 MPH)
|
Batting: RHB Brendan Garoutte
|
0-0: Ball 1-0: Foul Ball, location: 2F 1-1: Fly out, F9 (Flyball, 9LMF, EV 89.4 MPH)
|
Bottom of the 5th over - 1 run, 1 hit, 0 errors, 0 left on base; Seattle (APP) 3 - Orem 4 |
TOP OF THE 6TH |
Seattle (APP) Mariners batting - Pitching for Orem Owlz : LHP Jon Lawson
|
Pitching: RHP Arnold Frye
|
|
Now at 3B: Jesse Sargent
|
|
Batting: RHB Jose Zuniga
|
0-0: SOLO HOME RUN (Flyball, 9D, EV 100.6 MPH), Distance : 365 ft
|
Batting: LHB Yoshihisa Kobayashi
|
0-0: Ball 1-0: Foul Ball, location: 2F 1-1: Fly out, F8 (Flyball, 89M, EV 73.8 MPH)
|
Batting: RHB Jwahir Pili
|
0-0: Called Strike 0-1: Ball 1-1: Ball 2-1: Ball 3-1: Base on Balls
|
Batting: RHB Victor Rosas
|
0-0: Ball 1-0: Fly out, F8 (Flyball, 8RM, EV 86.9 MPH)
|
Batting: RHB Joaquin Salazar
|
0-0: Ball 1-0: Called Strike 1-1: Called Strike 1-2: Ball 2-2: Foul Ball, location: 2F 2-2: Ball 3-2: Ground out 6-3 (Groundball, 6, EV 81.2 MPH)
|
Top of the 6th over - 1 run, 1 hit, 0 errors, 1 left on base; Seattle (APP) 4 - Orem 4 |
BOTTOM OF THE 6TH |
Orem Owlz batting - Pitching for Seattle (APP) Mariners : RHP Jayden Ross
|
Batting: RHB Fernando Sosa
|
0-0: Ball 1-0: Ball 2-0: Ground out 6-3 (Groundball, 6, EV 85.6 MPH)
|
Batting: SHB Marty Kuehn
|
0-0: Ball 1-0: Ball 2-0: Called Strike 2-1: Ball 3-1: Base on Balls
|
Pinch Hitting: LHB Kevin Feldman
|
0-0: Called Strike 0-1: Ball 1-1: Swinging Strike 1-2: Foul Ball, location: 2F 1-2: Foul Ball, location: 2F 1-2: Ball 2-2: Ball 3-2: Base on Balls Marty Kuehn to second
|
Batting: RHB Brian Spry
|
0-0: Called Strike 0-1: Ball 1-1: Ball 2-1: Foul Ball, location: 2F 2-2: Ball 3-2: Fly out, F8 (Flyball, 78D, EV 109.4 MPH)
|
Batting: RHB Daniel Molina
|
0-0: Called Strike 0-1: Called Strike 0-2: Ball 1-2: Foul Ball, location: 2F 1-2: Ball 2-2: SINGLE (Line Drive, 4D, EV 106.2 MPH) Marty Kuehn to third Kevin Feldman to second
|
Pitching: RHP Bryce Blanksby
|
|
Batting: RHB Carlos Gonzales
|
0-0: Ball 1-0: Swinging Strike 1-1: Ball 2-1: Swinging Strike 2-2: Foul Ball, location: 2F 2-2: Hit by Pitch Marty Kuehn scores Kevin Feldman to third Daniel Molina to second
|
Batting: RHB Jesse Sargent
|
0-0: Swinging Strike 0-1: Foul Ball, location: 2F 0-2: Foul Ball, location: 2F 0-2: Ball 1-2: Foul Ball, location: 2F 1-2: Ball 2-2: Ball 3-2: Strikes out swinging
|
Bottom of the 6th over - 1 run, 1 hit, 0 errors, 3 left on base; Seattle (APP) 4 - Orem 5 |
TOP OF THE 7TH |
Seattle (APP) Mariners batting - Pitching for Orem Owlz : RHP Arnold Frye
|
Now in RF: Kevin Feldman
|
|
Pinch Hitting: LHB Ryan Daniels
|
0-0: Ball 1-0: Called Strike 1-1: Ball 2-1: Foul Ball, location: 2F 2-2: Ball 3-2: Foul Ball, location: 2F 3-2: Base on Balls
|
Batting: RHB Carlton McDonald
|
0-0: Ball 1-0: Grounds into double play, 1-6-3 (Groundball, 34S, EV 67.5 MPH)
|
Pitching: RHP Carlos Olbera
|
|
Batting: RHB Caleb Dean
|
0-0: Called Strike 0-1: Ball 1-1: Foul Ball, location: 2F 1-2: Ball 2-2: Foul Ball, location: 2F 2-2: Strikes out swinging
|
Top of the 7th over - 0 runs, 0 hits, 0 errors, 0 left on base; Seattle (APP) 4 - Orem 5 |
BOTTOM OF THE 7TH |
Orem Owlz batting - Pitching for Seattle (APP) Mariners : RHP Bryce Blanksby
|
Now in LF: Ryan Daniels
|
|
Batting: LHB David Coatney
|
0-0: Foul Ball, location: 2F 0-1: Foul Ball, location: 2F 0-2: Strikes out swinging
|
Batting: RHB Brendan Garoutte
|
0-0: Ground out 4-3 (Groundball, 4, EV 86.9 MPH)
|
Batting: RHB Fernando Sosa
|
0-0: Called Strike 0-1: Ball 1-1: Foul Ball, location: 2F 1-2: Strikes out swinging
|
Bottom of the 7th over - 0 runs, 0 hits, 0 errors, 0 left on base; Seattle (APP) 4 - Orem 5 |
TOP OF THE 8TH |
Seattle (APP) Mariners batting - Pitching for Orem Owlz : RHP Carlos Olbera
|
Batting: LHB William Gonzales
|
0-0: Ball 1-0: Foul Ball, location: 2F 1-1: Foul Ball, location: 2F 1-2: Foul Ball, location: 2F 1-2: Ground out 6-3 (Groundball, 6, EV 77.5 MPH)
|
Batting: RHB Jose Zuniga
|
0-0: Ball 1-0: Ball 2-0: Called Strike 2-1: Foul Ball, location: 2F 2-2: Strikes out swinging
|
Batting: LHB Yoshihisa Kobayashi
|
0-0: Called Strike 0-1: Swinging Strike 0-2: Foul Ball, location: 2F 0-2: Ball 1-2: Strikes out swinging
|
Top of the 8th over - 0 runs, 0 hits, 0 errors, 0 left on base; Seattle (APP) 4 - Orem 5 |
BOTTOM OF THE 8TH |
Orem Owlz batting - Pitching for Seattle (APP) Mariners : RHP Bryce Blanksby
|
Batting: SHB Marty Kuehn
|
0-0: Called Strike 0-1: Foul Ball, location: 2F 0-2: Foul Ball, location: 2F 0-2: Foul Ball, location: 2F 0-2: Ball 1-2: Ground out 5-3 (Groundball, 56S, EV 95.0 MPH)
|
Batting: LHB Kevin Feldman
|
0-0: Ball 1-0: Ball 2-0: Foul Ball, location: 2F 2-1: Swinging Strike 2-2: Ball 3-2: Strikes out swinging
|
Batting: RHB Brian Spry
|
0-0: Called Strike 0-1: Foul Ball, location: 2F 0-2: Ball 1-2: SOLO HOME RUN (Line Drive, 9D, EV 101.2 MPH), Distance : 391 ft
|
Pitching: RHP Domingo Maldonado
|
|
Batting: RHB Daniel Molina
|
0-0: Ball 1-0: Called Strike 1-1: Ball 2-1: Swinging Strike 2-2: Ball 3-2: Foul Ball, location: 2F 3-2: Base on Balls
|
Batting: RHB Carlos Gonzales
|
0-0: Ball Daniel Molina steals 2nd base 1-0: Called Strike 1-1: Ball 2-1: Swinging Strike 2-2: Foul Ball, location: 2F 2-2: Foul Ball, location: 2F 2-2: Ball 3-2: Base on Balls
|
Batting: RHB Jesse Sargent
|
0-0: Ball Wild Pitch! Daniel Molina to third Carlos Gonzales to second 1-0: Foul Ball, location: 2F 1-1: Fly out, F9 (Line Drive, 9LS, EV 98.1 MPH)
|
Bottom of the 8th over - 1 run, 1 hit, 0 errors, 2 left on base; Seattle (APP) 4 - Orem 6 |
TOP OF THE 9TH |
Seattle (APP) Mariners batting - Pitching for Orem Owlz : RHP Carlos Olbera
|
Pitching: RHP Jerry Romero
|
|
Batting: RHB Jwahir Pili
|
0-0: Called Strike 0-1: Ball 1-1: Swinging Strike 1-2: Ground out 6-3 (Groundball, 6, EV 85.6 MPH)
|
Batting: RHB Victor Rosas
|
0-0: SINGLE (Line Drive, 56, EV 95.6 MPH)
|
Batting: RHB Joaquin Salazar
|
0-0: Grounds out, U3 (Groundball, 3L, EV 106.9 MPH)
|
Batting: LHB Ryan Daniels
|
0-0: Ball 1-0: Called Strike 1-1: Swinging Strike 1-2: Foul Ball, location: 2F 1-2: Strikes out swinging
|
Top of the 9th over - 0 runs, 1 hit, 0 errors, 1 left on base; Seattle (APP) 4 - Orem 6 |
|